 Dungeon Crawl Stone Soup version 0.31.0-32-g396128a36d (webtiles) character file.

Game seed: 7892702739104844725

2933 snok the Blocker (level 9, 0/84 HPs)
             Began as an Octopode Shapeshifter on Mar 31, 2024.
             Was an Initiate of Gozag.
             Slain by a gnoll sergeant
             ... wielding a +0 glaive
              (14 damage)
             ... in a bailey.
             The game lasted 00:16:11 (6654 turns).

snok the Blocker (Octopode Shapeshifter)            Turns: 6654, Time: 00:16:11

Health: 0/84       AC:  1    Str: 19    XL:     9   Next: 80%
Magic:  9/9        EV: 12    Int: 18    God:    Gozag
Gold:   972        SH: 16    Dex: 16    Spells: 8/8 levels left

rFire   + + .        r - +6 hand axe "Isulag" {flame, *Rage rElec rF++ rC+}
rCold   + . .        i - +0 tower shield
rNeg    . . .        (helmet currently unavailable)
rPois   .            D - amulet of regeneration
rElec   +            t - +6 ring of strength
rCorr   .            x - ring of willpower
SInv    .            u - +6 ring of intelligence
Will    +....        (no ring) Stlth
                     (no ring)
HPRegen 1.14/turn    (no ring)
MPRegen 0.11/turn    (no ring)
                     (no ring)

%: random rage (20%)
@: berserking, beast-form, gold aura, very quick
A: beast (slay +1), almost no armour, amphibious, 8 rings, camouflage 1,
gelatinous body 1, (nimble swimmer 1), tentacles
a: Begin Untransformation, Renounce Religion, Potion Petition, Call Merchant,
Bribe Branch


You were in a bailey.
You worshipped Gozag.
Gozag was pleased with you.
You were a hulking beast.
You visited 2 branches of the dungeon, and saw 9 of its levels.
You also visited: Ossuary and Bailey.

You collected 1099 gold pieces.
You spent 50 gold pieces at shops.
You paid 77 gold pieces to Gozag.

Inventory:

Hand Weapons
 r - the +6 hand axe "Isulag" (weapon) {flame, *Rage rElec rF++ rC+}
   (You found it on level 3 of the Dungeon)

   rF++:      It greatly protects you from fire.
   rC+:       It protects you from cold.
   rElec:     It insulates you from electricity.
   *Rage:     It berserks you when you make melee attacks (+20% chance).
Missiles
 C - 2 throwing nets (quivered)
Armour
 i - a +0 tower shield (worn)
Jewellery
 d - an amulet of guardian spirit
 o - a ring of flight
 t - a +6 ring of strength (left tentacle)
 u - a +6 ring of intelligence (on tentacle)
 x - a ring of willpower (right tentacle)
 D - an amulet of regeneration (around mantle)
Talismans
 b - a beast talisman
 c - a flux talisman
Wands
 y - a wand of polymorph (7)
Scrolls
 e - 3 scrolls of vulnerability
 f - a scroll of identify
 h - 3 scrolls of noise
 l - 2 scrolls of poison {unknown}
 m - 2 scrolls of brand weapon
 s - 3 scrolls of teleportation
 B - 2 scrolls of blinking
 G - a scroll of enchant armour {unknown}
Potions
 a - 2 potions of lignification
 g - 3 potions of mutation {unknown}
 j - a potion of might {unknown}
 k - 4 potions of curing
 n - 2 potions of magic {unknown}
 p - 2 potions of ambrosia {unknown}
 q - 3 potions of heal wounds {unknown}
 v - 3 potions of attraction {unknown}
 w - a potion of cancellation {unknown}
 z - 2 potions of haste {unknown}
 A - 4 potions of invisibility {unknown}
 E - a potion of resistance {unknown}
 F - 2 potions of berserk rage {unknown}
 J - a potion of enlightenment {unknown}
 K - 2 potions of degeneration {unknown}


   Skills:
 - Level 3.1 Fighting
 + Level 8.7 Axes
 - Level 4.0 Dodging
 + Level 8.7 Shields
 - Level 3.0 Unarmed Combat
 - Level 3.0 Shapeshifting


You had 8 spell levels left.
You didn't know any spells.
Your spell library was empty.

Dungeon Overview and Level Annotations

Branches:
Dungeon (8/15)             Temple (1/1) D:5         Ossuary (visited)
 Bailey (1/1)
   Lair: D:8-11

Altars:
Cheibriados
Dithmenos
Elyvilon
Fedhas
Gozag
Hepliaklqana
Kikubaaqudgha
Makhleb
Nemelex Xobeh
Okawaru
Qazlal
Ru
Sif Muna
Trog
Uskayaw
Vehumet
Wu Jian
Xom
Yredelemnul
Zin
The Shining One

Shops:
D:2 =   D:3 ?

Annotations:
Bailey Grum


Innate Abilities, Weirdness & Mutations

You are a hulking beast.
Your limbs bulge with bestial killing power. (Slay +1)
You cannot wear most types of armour.
You are amphibious.
You can wear up to eight rings at the same time.
Your skin changes colour to match your surroundings (Stealth+).
Your rubbery body absorbs attacks. (AC +1, EV +1)
((You are camouflaged when in or above water. (Stealth+)))
You have tentacles for arms and can constrict up to eight enemies at once.


Message History

A gnoll sergeant comes into view. It is wielding a +0 glaive.
You block the gnoll sergeant's attack. You block the gnoll's attack.
Grum stares intently and snarls.
The wolf completely misses you. The wolf bites you.
You feel better.
You constrict the wolf. x2; The wolf completely misses you.
The wolf barely misses you.
The gnoll bouda hits you with a +0 spear!
The gnoll hits you from afar with a +0 halberd.
The gnoll sergeant barely misses you.
A red film seems to cover your vision as you go berserk!
You feel yourself moving faster!
You feel mighty!
You slash the wolf! You burn the wolf.
You kill the wolf!
You barely miss the wolf. You slash the wolf! You burn the wolf.
You barely miss the gnoll bouda. You constrict the wolf.
The wolf struggles to escape constriction.
You block the wolf's attack. You block the gnoll sergeant's attack.
You block the gnoll's attack. The wolf bites you.
The gnoll bouda barks out a call to the hunt!
The gnolls pick up the pace!
You block the wolf's attack.
You slash the gnoll bouda! You burn the gnoll bouda. You grab the gnoll bouda.
The gnoll bouda is severely wounded.
You barely miss the wolf. x2; You constrict the wolf.
You constrict the gnoll bouda. The wolf closely misses you.
You block the gnoll bouda's attack. You block the gnoll sergeant's attack.
The gnoll hits you from afar with a +0 halberd!
You block the wolf's attack. x2
You slash the gnoll bouda! You burn the gnoll bouda.
You kill the gnoll bouda!
You slash the wolf! You burn the wolf.
You kill the wolf!
You slash the wolf! You burn the wolf.
You kill the wolf!
You hit the wolf. You burn the wolf.
Grum hits you from afar with a +1 spear!
* * * LOW HITPOINT WARNING * * *
The gnoll sergeant hits you from afar with a +0 glaive!
You die...
Your body crumbles into a pile of gold.

♣≈# ♣≈#.. ♣≈#...
♣≈#.g. ♣≈#..g
♣≈#..g# ♣≈#..gg##
♣≈#8.g$h##+##
♣≈#..g$h#...#
♣≈##..$.'...+
♣≈.##...#...#
♣≈..#####...#####
♣≈......)........
♣≈≈..............
♣♣≈≈≈≈≈≈≈≈≈≈≈≈≈≈≈
♣♣♣♣♣♣♣♣♣♣♣♣♣♣♣♣


You could see Grum (swift), 3 gnoll sergeants, a wolf, 2 gnoll boudas and a
gnoll (swift).

Vanquished Creatures
  Grinder (D:4)
  2 ice beasts
  2 sky beasts
  An ogre (D:5)
  3 wolves (Bailey)
  A centaur (D:7)
  Blork the orc (D:4)
  A kobold brigand (D:6)
  2 bullfrogs
  8 scorpions
  A howler monkey (D:7)
  A bombardier beetle (D:5)
  2 centaur zombies (Ossuary)
  4 hounds
  A human zombie (Ossuary)
  3 jellies
  2 gnoll boudas (Bailey)
  4 orc priests
  Crazy Yiuf (D:4)
  A sleepcap (D:6)
  4 iguanas
  8 scorpion zombies
  An orc wizard (D:6)
  3 mummies (Ossuary)
  11 gnolls
  4 howler monkey skeletons (D:6)
  11 adders
  A white imp (D:6)
  2 ufetubi (D:6)
  4 adder zombies (Ossuary)
  2 ribbon worms
  3 dart slugs
  16 orcs
  8 endoplasms
  5 giant cockroaches
  3 gnoll zombies (Ossuary)
  7 goblins
  14 hobgoblins
  2 quokkas
  5 ball pythons
  3 ball python zombies (Ossuary)
  9 bats
  A frilled lizard (D:2)
  10 kobolds
  An orc zombie (Ossuary)
  5 rats
185 creatures vanquished.

Notes
Turn   | Place    | Note
-------+----------+-------------------------------------------
     0 | D:1      | snok the Octopode Shapeshifter began the quest for the Orb.
     0 | D:1      | Reached XP level 1. HP: 13/13 MP: 1/1
   106 | D:1      | Reached XP level 2. HP: 16/18 MP: 2/2
   364 | D:1      | Reached XP level 3. HP: 24/24 MP: 3/3
  1106 | D:2      | Found Ytzaz's Jewellery Emporium.
  1164 | D:2      | Reached XP level 4. HP: 24/30 MP: 4/4
  1705 | D:3      | Found an ornate altar of the Wu Jian Council.
  1797 | D:3      | Found an iron altar of Okawaru.
  1901 | D:3      | Found a shadowy altar of Dithmenos.
  1907 | D:3      | Found a stormy altar of Qazlal.
  1910 | D:3      | Found a basalt altar of Yredelemnul.
  1912 | D:3      | Found a sparkling altar of Nemelex Xobeh.
  1918 | D:3      | Found a sacrificial altar of Ru.
  2092 | D:3      | Identified the +6 hand axe "Isulag" {flame, *Rage rElec
                  | rF++ rC+}
  2414 | D:3      | Found Qotimanei's Magic Scroll Emporium.
  2479 | D:3      | Bought a scroll of teleportation for 30 gold pieces
  2479 | D:3      | Bought a scroll of identify for 20 gold pieces
  2580 | D:4      | Noticed Blork the orc
  2586 | D:4      | Killed Blork the orc
  2587 | D:4      | Reached skill level 1 in Axes
  2587 | D:4      | Reached skill level 1 in Shields
  2587 | D:4      | Reached XP level 5. HP: 13/36 MP: 0/5
  2837 | D:4      | Reached XP level 6. HP: 42/42 MP: 6/6
  2926 | D:4      | Found a runed translucent door.
  2927 | D:4      | Noticed Crazy Yiuf
  3301 | D:4      | Found a white marble altar of Elyvilon.
  3387 | D:4      | Noticed Grinder
  3397 | D:4      | Killed Grinder
  3398 | D:4      | Reached XP level 7. HP: 38/46 MP: 3/7
  3537 | D:4      | Killed Crazy Yiuf
  3589 | D:5      | Entered Level 5 of the Dungeon
  3700 | D:5      | Found a staircase to the Ecumenical Temple.
  3784 | Temple   | Entered the Ecumenical Temple
  3803 | Temple   | Became a worshipper of Gozag Ym Sagoz the Greedy
  3837 | D:5      | Reached skill level 5 in Axes
  3837 | D:5      | Reached skill level 5 in Shields
  3837 | D:5      | Reached XP level 8. HP: 52/52 MP: 8/8
  4166 | D:6      | Found a sand-covered staircase.
  4212 | Ossuary  | Entered an ossuary
  4526 | Ossuary  | Reached XP level 9. HP: 56/56 MP: 9/9
  5353 | D:6      | Found a radiant altar of Vehumet.
  5526 | D:6      | Found a hide-covered altar of Uskayaw.
  6302 | D:7      | Found a burning altar of Makhleb.
  6302 | D:7      | Noticed a cacodemon
  6454 | D:8      | Found a flagged portal.
  6538 | Bailey   | Entered a bailey
  6648 | Bailey   | Noticed Grum
  6654 | Bailey   | Slain by a gnoll sergeant

Illustrated notes

Levels and vault maps discovered:
D:1:      minmay_arrival_doors, layout_basic, serial_forest,
          infiniplex_forest_lined_room_2, infiniplex_forest_split,
          infiniplex_forest_zigzag_1, infiniplex_forest_straight_4,
          infiniplex_forest_straight_4, minmay_pentomino_u4
D:2:      layout_basic, serial_shops, shop, corexii_leaking_fountain,
          hex_intersection, minmay_split_cup_small
D:3:      layout_loops_ring, nicolae_overflow_hidden_temple,
          nicolae_overflow_hallway_of_the_gods, serial_shops, shop_statue
D:4:      layout_gridville, lemuel_doored_altar, uniq_blork_the_orc,
          uniq_grinder, uniq_crazy_yiuf_cottage
D:5:      layout_basic, temple_pool_b
D:6:      layout_gridville, nicolae_uskayaw_dance_studio,
          nicolae_vehumet_radiance, mainiacjoe_ossuary_entry_find_the_door,
          corner_web_ring, minmay_misc_feat_iff
D:7:      layout_basic, makhleb_altar_promises_db, roderic_lattice_a
D:8:      layout_loops_ring, evilmike_ruin_ashenzari, enter_bailey_4, uniq_pikel
Temple:   hellmonk_temple_beads
Bailey:   bailey_polearm_gnolls_kennysheep, bailey

Skill      XL: |  1  2  3  4  5  6  7  8  9 |
---------------+----------------------------+-----
Fighting       | 2 3 |  3.1
Dodging        | 3 4 |  4.0
Axes           | 1 2 4 5 7 8 |  8.7
Shields        | 1 2 4 5 7 8 |  8.7
Unarmed Combat | |  3.0
Shapeshifting  | |  3.0

Action                     |  1- 3 |  4- 6 |  7- 9 || total
---------------------------+-------+-------+-------++-------
  Melee: Unarmed           |    68 |    38 |       ||   106
         Constrict         |    16 |    19 |    50 ||    85
         Punch             |     3 |     2 |     7 ||    12
         Tentacles         |    13 |    17 |    45 ||    75
         Hand axe          |       |    28 |   187 ||   215
    Use: Scroll            |       |     3 |     9 ||    12
         Potion            |       |     1 |     1 ||     2
   Stab: Sleeping          |    12 |     8 |     8 ||    28
         Distracted        |       |       |     1 ||     1
 Armour: Skin              |    25 |    33 |    65 ||   123
  Dodge: Dodged            |    45 |    30 |    61 ||   136
  Block: Tower shield      |       |    18 |   161 ||   179
